 Dungeon Crawl Stone Soup version 0.25-a0-265-g7af84ae0ac (webtiles) character file.

Game seed: 3309546164644942872, levelgen mode: classic

1101 Borgoz the Slasher (level 8, -6/49 HPs)
             Began as a Gargoyle Gladiator on Dec 7, 2019.
             Killed by divine providence
             ... invoked by an orc priest
              (13 damage)
             ... on level 5 of the Dungeon.
             The game lasted 00:07:28 (4148 turns).

Borgoz the Slasher (Gargoyle Gladiator)             Turns: 4148, Time: 00:07:29

Health: -6/49      AC: 18    Str: 20    XL:     8   Next: 32%
Magic:  8/8        EV: 13    Int:  8    God:
Gold:   357        SH:  0    Dex: 12    Spells: 7/7 levels left

rFire    . . .     SeeInvis .   a - +0 long sword
rCold    + . .     Gourm    .   (no shield)
rNeg     + . .     Faith    .   e - +1 ring mail {rC+}
rPois    ∞         Spirit   .   c - +0 helmet
rElec    +         Reflect  .   i - +1 cloak {rPois}
rCorr    .         Harm     .   (no gloves)
MR       .....                  o - +1 pair of boots
Stlth    +.........             (no amulet)
HPRegen  0.16/turn              (no ring)
MPRegen  0.11/turn              (no ring)

@: berserk cooldown, slowed, very slow
A: negative energy resistance 1, electricity resistance, unbreathing,
petrification resistance, rot immunity, AC +5
a: no special abilities


You were on level 5 of the Dungeon.
You were not hungry.

You visited 1 branch of the dungeon, and saw 5 of its levels.

You collected 357 gold pieces.

Inventory:

Hand Weapons
 a - a +0 long sword (weapon)
Missiles
 d - 5 throwing nets (quivered)
Armour
 c - a +0 helmet (worn)
 e - a +1 ring mail of cold resistance (worn)
 i - a +1 cloak of poison resistance (worn)
 o - a +1 pair of boots (worn)
Jewellery
 s - an uncursed ring of magical power
Wands
 j - a wand of flame (13)
 k - a wand of clouds (8)
 q - a wand of random effects (18)
 r - a wand of acid (9)
Scrolls
 b - 2 scrolls of amnesia
 g - a scroll of random uselessness
 h - 2 scrolls of enchant weapon
 u - 2 scrolls of teleportation {unknown}
 x - 2 scrolls of remove curse
 y - 2 scrolls of fog
 z - a scroll of magic mapping {unknown}
Potions
 l - a potion of mutation
 p - a potion of flight
 t - a potion of lignification
Comestibles
 f - 6 rations
 m - 3 chunks of flesh


   Skills:
 + Level 5.0 Fighting
 * Level 6.1 Long Blades
 - Level 1.7 Throwing
 + Level 4.4 Armour
 + Level 4.2 Dodging


You had 7 spell levels left.
You didn't know any spells.
Your spell library was empty.

Dungeon Overview and Level Annotations

Branches:
Dungeon (5/15)
 Temple: D:4-7

Altars:
Cheibriados
Dithmenos
Elyvilon
Sif Muna
Vehumet

Shops:
D:4 (   D:5 %


Innate Abilities, Weirdness & Mutations

You are resistant to torment.
Your stone body is resilient. (AC +5)
You are immune to poison.
You resist negative energy. (rN+)
You are resistant to electric shocks. (rElec)
You can survive without breathing.
You are immune to petrification.
You are immune to rotting.


Message History

An orc warrior comes into view. It is wielding a +0 dire flail.
The orc warrior shouts!
You hear a shout!
The orc misses you.
An orc comes into view. It is wielding a +0 hand axe.
Items here: )) [ †† a +0 dagger x2; a +0 robe; an orc corpse x2
You slash the orc!
You kill the orc!
The orc priest invokes the aid of Beogh against you.
Beogh smites you!
* * * LOW HITPOINT WARNING * * *
You closely miss the orc warrior.
The orc priest looks satisfied for a moment.
An orc comes into view. It is wielding a +0 club.
You are no longer berserk.
You are exhausted.
You feel yourself slow down. The orc barely misses you.
The orc priest mumbles some strange prayers to Beogh against you.
Beogh smites you!
You die...

.....#.......#....##.##..#
.###.#.....###.#..(......#
.....#.......#.#####.##.##
######...............##.# #
.#........#########...#.# #
.#.....#..............#.# #
..♣....############...#.#########
♣.∩.♣#.# #)o........#......
..♣....# #@##...#.#.#.#####
.##.#### ##o####.#.#.#.# ###.#
##ooo###...#.#.# ....#
#8ooo8##.....#.# ...##
##.oooo##.....#.# ...#
#...oo..#..>#.#.# ...#
#.8...8.#####.#.# ...# #....o..#
#.#.# ...# #.......# #...#


You could see 3 orc warriors, an orc priest, an orc wizard and 10 orcs.

Vanquished Creatures
  Sigmund (D:5)
  An orc warrior (D:5)
  An ogre (D:5)
  A phantom (D:4)
  An ice beast (D:5)
  A scorpion (D:4)
  2 howler monkeys (D:4)
  A crimson imp (D:5)
  2 orc priests
  3 orc wizards
  Ijyb (D:5)
  2 worker ants
  4 gnolls (D:5)
  3 adders
  A shadow imp (D:5)
  An ooze (D:4)
  An adder skeleton (D:4)
  4 worms
  3 dart slugs
  3 leopard geckos
  22 orcs
  2 giant cockroaches
  6 goblins
  10 hobgoblins
  2 jackals (D:4)
  2 quokkas
  5 bats
  3 frilled lizards (D:1)
  11 kobolds
  A leopard gecko skeleton (D:4)
  5 rats
106 creatures vanquished.

Notes
Turn   | Place    | Note
-------+----------+-------------------------------------------
     0 | D:1      | Borgoz the Gargoyle Gladiator began the quest for the Orb.
     0 | D:1      | Reached XP level 1. HP: 12/12 MP: 1/1
   137 | D:1      | Reached XP level 2. HP: 18/18 MP: 2/2
   219 | D:1      | Reached skill level 3 in Long Blades
   700 | D:1      | Reached skill level 1 in Armour
   707 | D:1      | Reached XP level 3. HP: 13/22 MP: 3/3
  1124 | D:2      | Found a shimmering blue altar of Sif Muna.
  1601 | D:3      | Reached XP level 4. HP: 26/27 MP: 4/4
  2098 | D:3      | Found a snail-covered altar of Cheibriados.
  2216 | D:4      | Reached XP level 5. HP: 32/32 MP: 5/5
  2428 | D:4      | Reached skill level 4 in Long Blades
  2451 | D:4      | Reached XP level 6. HP: 27/37 MP: 6/6
  2466 | D:4      | Noticed a phantom
  2556 | D:4      | Killed a phantom
  2961 | D:4      | Found Pausowk's Weapon Shop.
  2964 | D:4      | Found a shadowy altar of Dithmenos.
  2985 | D:4      | Found a radiant altar of Vehumet.
  2986 | D:4      | Found a white marble altar of Elyvilon.
  3309 | D:5      | Entered Level 5 of the Dungeon
  3309 | D:5      | Noticed an ice beast
  3316 | D:5      | Killed an ice beast
  3316 | D:5      | Reached skill level 5 in Long Blades
  3316 | D:5      | Reached XP level 7. HP: 43/43 MP: 7/7
  3357 | D:5      | Noticed Sigmund
  3366 | D:5      | Killed Sigmund
  3409 | D:5      | Noticed Ijyb
  3417 | D:5      | HP: 2/44 [ogre/+0 giant spiked club (14)]
  3437 | D:5      | Killed Ijyb
  3587 | D:5      | Reached XP level 8. HP: 40/48 MP: 8/8
  3883 | D:5      | Found Qoycak's Food Shop.
  4023 | D:5      | Found a runed translucent door.
  4132 | D:5      | Reached skill level 6 in Long Blades
  4142 | D:5      | Reached skill level 5 in Fighting
  4148 | D:5      | Killed from afar by an orc priest

Levels and vault maps discovered:
D:1:      dpeg_arrival_boxorama, layout_rooms, minmay_misc_feat_ornament,
          minmay_bisected
D:2:      layout_rooms, lemuel_blue_sif_altar
D:3:      layout_loops_corners, cheibriados_altar_1
D:4:      layout_cave_pools, lemuel_doored_altar, grunt_temple_overflow_open,
          serial_shops, shop, first_ration, kennysheep_dice
D:5:      layout_basic, serial_shops, nicolae_shop_trees, minivault_5,
          lightli_church_of_beogh, uniq_ijyb, uniq_sigmund

Skill      XL: |  1  2  3  4  5  6  7  8 |
---------------+-------------------------+-----
Long Blades    | 3 4 5 6 |  6.1
Armour         | 1 2 3 4 |  4.4
Fighting       | 3 4 5 |  5.0
Dodging        | 3 4 |  4.2
Throwing       | |  1.7

Action                   |  1- 3 |  4- 6 |  7- 9 || total
-------------------------+-------+-------+-------++-------
Melee: Long sword        |   127 |   153 |   130 ||   410
  Use: Scroll            |     8 |       |     6 ||    14
       Potion            |       |       |     5 ||     5
 Stab: Invisible         |       |       |     1 ||     1
  Eat: Chunk             |     2 |     6 |     3 ||    11
Armor: Leather armour    |    54 |       |       ||    54
       Ring mail         |    15 |    97 |    37 ||   149
Dodge: Dodged            |   118 |   121 |    85 ||   324
       Rpst.: Long sword |    36 |    32 |    25 ||    93

Table legend:
 A = Non-vault XP
 B = Vault XP
 C = Vault XP percentage of total XP
 D = Non-vault monster count
 E = Vault monster count
 F = Vault count percentage of total count
                 A         B        C        D         E       F
            +---------+---------+-------+---------+---------+-------
      Total |    1069 |     504 |  32.0 |      91 |      15 |  14.2
            +---------+---------+-------+---------+---------+-------
        D:1 |      34 |       3 |   8.1 |      21 |       3 |  12.5
        D:2 |      24 |       0 |   0.0 |      13 |       0 |   0.0
        D:3 |     107 |       0 |   0.0 |      18 |       0 |   0.0
        D:4 |     426 |       0 |   0.0 |      21 |       0 |   0.0
        D:5 |     478 |     501 |  51.2 |      18 |      12 |  40.0
            +---------+---------+-------+---------+---------+-------
